 Dungeon Crawl Stone Soup version 0.21.1-1-g345015fe64 (webtiles) character file.

207 Rrauwl the Poker (level 5, -3/42 HPs)
             Began as a Merfolk Monk on Feb 11, 2018.
             Slain by a wight
             ... wielding a +5 great sword
              (4 damage)
             ... on level 3 of the Dungeon.
             The game lasted 00:08:04 (1905 turns).

Rrauwl the Poker (Merfolk Monk)                     Turns: 1905, Time: 00:08:04

Health: -3/42      AC:  9    Str: 15    XL:     5   Next: 85%
Magic:  14/14      EV: 13    Int:  9    God:
Gold:   99         SH:  0    Dex: 16    Spells: 4/4 levels left

rFire    . . .     SeeInvis .   a - +1 spear
rCold    . . .     Gourm    .   (no shield)
rNeg     . . .     Faith    .   h - +1 ring mail
rPois    .         Spirit   .   e - +0 helmet
rElec    .         Reflect  .   (no cloak)
rCorr    .         Harm     .   (no gloves)
MR       .....                  (no boots)
Stlth    +.........             (no amulet)
HPRegen  0.14/turn              k - ring of magical power
MPRegen  0.14/turn              (no ring)

@: drained
A: change form in water, swift swim, stealthy swim, thin metallic scales 1,
strong 1
a: no special abilities


You were on level 3 of the Dungeon.
You were not hungry.

You visited 1 branch of the dungeon, and saw 3 of its levels.

You collected 99 gold pieces.

Inventory:

Hand Weapons
 a - a +1 spear (weapon)
Armour
 e - a +0 helmet (worn)
 h - a +1 ring mail (worn)
Jewellery
 k - a ring of magical power (left hand)
Scrolls
 b - a scroll of remove curse
 d - 2 scrolls of random uselessness {unknown}
 f - a scroll of enchant armour
 j - 4 scrolls of enchant weapon
Comestibles
 c - 8 rations
 i - 3 chunks of flesh


   Skills:
 - Level 4.0(3.0) Fighting
 + Level 5.9(4.8) Polearms
 * Level 2.2(1.2) Armour
 + Level 5.4(4.3) Dodging
 - Level 2.1(1.2) Stealth


You had 4 spell levels left.
You didn't know any spells.

Dungeon Overview and Level Annotations

Branches:
Dungeon (3/15)

Altars:


Innate Abilities, Weirdness & Mutations

You revert to your normal form in water.
You are very nimble and swift while swimming.
You are very stealthy in the water. (Stealth+)
You are partially covered in thin metallic scales. (AC +2)
Your muscles are strong. (Str +2)


Message History

The wight is severely damaged.
The wight closely misses you.
You closely miss the wight.
The wight is severely damaged.
You hit the wight.
The wight is severely damaged.
The wight hits you with an enchanted great sword.
You feel drained.
You hit the wight but do no damage.
The wight is severely damaged.
The wight hits you with an enchanted great sword!
* * * LOW HITPOINT WARNING * * *
You feel drained.
* * * LOW HITPOINT WARNING * * *
You closely miss the wight.
The wight is severely damaged.
You hit the wight.
The wight is almost destroyed.
The wight hits you with an enchanted great sword.
You die...

#........#.......#...#######
#........#.......#.#.# #.
#........#.......#.#.## #..
#........+.......#.#..# #.#
#........#.....).#.##.## #.
####.#+#.......#.#.##..# ##
#.#.........#.#.###.#
#.#.#########.#.# #.## .
#.#....z@.....#.# #..# .
#.############# ##.# .. #.#
#.####.##.. #.# #..........
#.# ##### #######.##. #.#
#... ...........
#.######.############..#.
#...................#..#.
########.#..#######.#....


You could see a wight.

Vanquished Creatures
  A wight (D:3)
  A hound (D:2)
  Jessica (D:3)
  3 gnolls (D:2)
  An adder (D:3)
  2 worms (D:2)
  3 dart slugs
  2 leopard geckos
  A giant cockroach (D:3)
  5 goblins
  5 hobgoblins
  3 jackals
  2 quokkas
  6 bats
  3 frilled lizards
  11 kobolds
  12 rats
62 creatures vanquished.

Notes
Turn   | Place    | Note
-------+----------+-------------------------------------------
     0 | D:1      | Rrauwl the Merfolk Monk began the quest for the Orb.
     0 | D:1      | Reached XP level 1. HP: 18/18 MP: 1/1
    84 | D:1      | Reached XP level 2. HP: 13/24 MP: 2/2
   611 | D:1      | Reached XP level 3. HP: 27/29 MP: 3/3
   840 | D:2      | Reached skill level 5 in Polearms
  1005 | D:2      | Found a faded altar of an unknown god.
  1039 | D:2      | Reached skill level 1 in Armour
  1045 | D:2      | Reached XP level 4. HP: 20/37 MP: 4/4
  1142 | D:2      | Reached skill level 5 in Dodging
  1353 | D:2      | Gained mutation: Your muscles are strong. (Str +2) [potion of mutation]
  1353 | D:2      | Gained mutation: You are partially covered in thin metallic scales. (AC +2) [potion of mutation]
  1429 | D:2      | Reached XP level 5. HP: 42/42 MP: 5/5
  1543 | D:3      | Noticed Jessica
  1551 | D:3      | Killed Jessica
  1903 | D:3      | HP: 2/42 [wight/enchanted great sword (15)]
  1905 | D:3      | Slain by a wight

Skill      XL: |  1  2  3  4  5 |
---------------+----------------+-----
Polearms       | 5 |  5.9
Armour         | 1 2 |  2.2
Fighting       | 4 |  4.0
Dodging        | 5 |  5.4
Stealth        | |  2.1

Action                   |  1- 3 |  4- 6 || total
-------------------------+-------+-------++-------
Melee: Spear             |   141 |   158 ||   299
  Use: Scroll            |     5 |       ||     5
       Potion            |       |     4 ||     4
 Stab: Sleeping          |     2 |     3 ||     5
       Distracted        |     1 |       ||     1
  Eat: Chunk             |       |     3 ||     3
Armor: Robe              |     5 |       ||     5
       Leather armour    |     6 |       ||     6
       Ring mail         |     2 |    15 ||    17
Dodge: Dodged            |    50 |    35 ||    85
